 Dungeon Crawl Stone Soup version 0.24.0-37-gcf1ca852f1 (webtiles) character file.

Game seed: 16508954535668451552, levelgen mode: deterministic

45 lilbarb the Stinger (level 3, -1/24 HPs)
             Began as a Demonspawn Venom Mage on Nov 23, 2019.
             Slain by a centaur (4 damage)
             ... on level 2 of the Dungeon.
             The game lasted 00:06:55 (1525 turns).

lilbarb the Stinger (Demonspawn Venom Mage)         Turns: 1525, Time: 00:06:55

Health: -1/24      AC:  2    Str:  5 (8)  XL:     3   Next: 42%
Magic:  1/6        EV: 12    Int: 16 (17) God:
Gold:   26         SH:  0    Dex: 11 (13) Spells: 1/7 levels left

rFire    . . .     SeeInvis .   a - +0 dagger
rCold    . . .     Gourm    .   (no shield)
rNeg     . . .     Faith    .   g - +0 robe
rPois    .         Spirit   .   (no helmet)
rElec    .         Reflect  .   (no cloak)
rCorr    .         Harm     .   (no gloves)
MR       .....                  (no boots)
Stlth    ++........             (no amulet)
HPRegen  0.08/turn              (no ring)
MPRegen  0.10/turn              (no ring)

@: very slightly contaminated, invisible
A: talons 1
a: no special abilities


You were on level 2 of the Dungeon.
You were not hungry.

You visited 1 branch of the dungeon, and saw 2 of its levels.

You collected 26 gold pieces.

Inventory:

Hand Weapons
 a - a +0 dagger (weapon)
Missiles
 e - 71 stones (quivered)
 j - 41 sling bullets
Armour
 g - a +0 robe (worn)
Scrolls
 b - 3 scrolls of teleportation {unknown}
 d - a scroll of identify {unknown}
 f - a scroll of magic mapping {unknown}
 i - a scroll of enchant weapon {unknown}
 l - a scroll of random uselessness {unknown}
Potions
 h - a potion of degeneration
Comestibles
 c - 4 rations
 n - a chunk of flesh


   Skills:
 - Level 1.7 Dodging
 - Level 1.7 Stealth
 + Level 2.5 Spellcasting
 - Level 1.0 Conjurations
 * Level 4.1 Poison Magic


You had one spell level left.
You knew the following spells:

 Your Spells              Type           Power        Failure   Level  Hunger
a - Sting                 Conj/Pois      ##..         7%          1    #......
b - Poisonous Vapours     Pois/Air       #.....       13%         2    ##.....
c - Mephitic Cloud        Conj/Pois/Air  #.......     28%         3    ###....

Your spell library contained the following spells:

 Spells                   Type           Power        Failure   Level  Hunger
 Olgreb's Toxic Radiance  Pois           ###.....     34%         4    #####..
 Venom Bolt               Conj/Pois      ##........   88%         5    ######.


Dungeon Overview and Level Annotations

Branches:
Dungeon (2/15)

Altars:


Innate Abilities, Weirdness & Mutations

You have sharp toenails.


Message History

It was a potion of heal wounds.
You feel much better.
The centaur seems less confused.
The centaur looks more healthy.
The centaur wields a +0 shortbow.
The centaur shoots an arrow.
The arrow hits you!
Ouch! That really hurt!
* * * LOW HITPOINT WARNING * * *
The centaur shoots an arrow.
The arrow closely misses you.
The centaur shoots an arrow.
The arrow misses you.
The centaur shoots an arrow.
The arrow barely misses you.
The centaur unwields a +0 shortbow.
The centaur hits you.
* * * LOW HITPOINT WARNING * * *
You catch the helpless centaur completely off-guard!
You hit the centaur.
The centaur is heavily wounded.
The centaur hits you.
* * * LOW HITPOINT WARNING * * *
You hit the centaur but do no damage.
The centaur is heavily wounded.
The centaur misses you. The centaur hits you.
You die...

# #.......#.##...##.#
######## #.###.....#....##.#
##.....###.###..##...##..#.#
#.............# ##.####...#
#............# #+# ##..#
##........(...## ##.##
...>...........## ##..#####
##..............##
##........#
##..(.(......##(@##
##...#####.#
.............###.c###....#
...#############.........#
...# #...................#
#### #.............###...#
#.............# ....#
#............(# #..##
#...........### ##.#
#...........# .#


You could see a centaur.

Vanquished Creatures
  A gnoll (D:1)
  An adder (D:2)
  A dart slug (D:1)
  2 bats (D:2)
  2 giant cockroaches
  3 goblins
  4 hobgoblins
  A frilled lizard (D:1)
  5 kobolds (D:1)
  A leopard gecko skeleton (D:2)
  2 rats (D:1)
23 creatures vanquished.

Notes
Turn   | Place    | Note
-------+----------+-------------------------------------------
     0 | D:1      | lilbarb the Demonspawn Venom Mage began the quest for the
                  | Orb.
     0 | D:1      | Reached XP level 1. HP: 13/13 MP: 3/3
   263 | D:1      | Gained mutation: You have sharp toenails. [demonic
                  | ancestry]
   263 | D:1      | Reached XP level 2. HP: 19/19 MP: 3/5
   267 | D:1      | Learned a level 2 spell: Poisonous Vapours
   952 | D:1      | Reached XP level 3. HP: 24/24 MP: 6/6
  1293 | D:2      | Learned a level 3 spell: Mephitic Cloud
  1334 | D:2      | Reached skill level 4 in Poison Magic
  1500 | D:2      | Noticed a centaur
  1525 | D:2      | Slain by a centaur

Levels and vault maps discovered:
D:1:      scummos_arrival_simple_fountains, layout_basic, serial_park_tiny_1,
          minmay_tromino_v7
D:2:      layout_basic, zin_treasury, nemelex_lonely_heart_becter

Skill      XL: |  1  2  3 |
---------------+----------+-----
Poison Magic   | 4 |  4.1
Dodging        | |  1.7
Stealth        | |  1.7
Spellcasting   | |  2.5
Conjurations   | |  1.0

Action                   || total
-------------------------++-------
Melee: Dagger            ||    14
       Kick              ||     1
Throw: Stone             ||     6
 Cast: Sting             ||    26
       Poisonous Vapours ||     9
       Mephitic Cloud    ||     1
  Use: Potion            ||     3
 Stab: Sleeping          ||     1
       Invisible         ||     1
  Eat: Chunk             ||     3
Armor: Robe              ||     3
Dodge: Dodged            ||    16
